 Dungeon Crawl Stone Soup version 0.27.1-33-g824d729ab1 (webtiles) character file.

Game seed: 5890939448684936901

11 Destapler the Skirmisher (level 2, -2/27 HPs)
             Began as a Draconian Berserker on Dec 8, 2021.
             Was a Follower of Trog.
             Slain by a worm (6 damage)
             ... on level 2 of the Dungeon.
             The game lasted 00:00:51 (964 turns).

Destapler the Skirmisher (Draconian Berserker)       Turns: 964, Time: 00:00:52

Health: -2/27      AC:  4    Str: 19    XL:     2   Next: 13%
Magic:  2/2        EV: 12    Int:  7    God:    Trog [*.....]
Gold:   67         SH:  0    Dex: 10    Spells: 1/1 levels left

rFire    . . .     SeeInvis .   a - +0 falchion
rCold    . . .     Faith    .   (no shield)
rNeg     . . .     Spirit   .   (armour unavailable)
rPois    .         Reflect  .   (helmet restricted)
rElec    .         Harm     .   (no cloak)
rCorr    .         Rampage  .   (no gloves)
Will     .....                  (no boots)
Stlth    +.........             (no amulet)
HPRegen  0.09/turn              (no ring)
MPRegen  0.08/turn              (no ring)

@: confused, lethally poisoned (-2 -> -3), ambrosia-drunk
A: AC +4, unfitting armour, cold-blooded
a: Renounce Religion, Berserk


You were on level 2 of the Dungeon.
You worshipped Trog.
Trog was aware of your devotion.
You visited 1 branch of the dungeon, and saw 2 of its levels.

You collected 67 gold pieces.

Inventory:

Hand Weapons
 a - a +0 falchion (weapon)
Scrolls
 b - a scroll of blinking {unknown}
 c - a scroll of vulnerability {unknown}
Potions
 e - a potion of cancellation {unknown}


   Skills:
 + Level 3.6 Fighting
 - Level 3.0 Long Blades
 + Level 3.0 Dodging


You had one spell level left.
You didn't know any spells.
Your spell library was empty.

Dungeon Overview and Level Annotations

Branches:
Dungeon (2/15)

Altars:


Innate Abilities, Weirdness & Mutations

Your plain brown scales are hard. (AC +4)
You cannot fit into any form of body armour.
You are cold-blooded and may be slowed by cold attacks.


Message History

The kobold is wielding a +0 club and quivering poisoned darts.
The worm moves out of view.
There are monsters nearby!
There are monsters nearby!
There are monsters nearby!
A hobgoblin comes into view.
The goblin closely misses you.
You riposte.
The kobold shouts!
You hit the goblin.
You kill the goblin!
Trog accepts your kill.
The kobold throws a poisoned dart.
The poisoned dart hits you!
You are poisoned.
You feel very sick.
The hobgoblin shouts!
The kobold throws a poisoned dart.
The poisoned dart misses you.
A hobgoblin comes into view.
Found an Inescapable Atlas.
You feel sick.
The hobgoblin moves out of view.
You barely miss the worm.
Your tail-slap misses the worm.
You feel sick. The worm bites you!
* * * LOW HITPOINT WARNING * * *
You slash the worm!
The worm is heavily wounded.
You feel sick. The worm bites you!
* * * LOW HITPOINT WARNING * * *
You are too injured to fight recklessly!
Unknown command.
* * * LOW HITPOINT WARNING * * *
You feel sick.
It was a potion of ambrosia.
You are confused.
You feel invigorated.
* * * LOW HITPOINT WARNING * * *
You feel sick. The hobgoblin barely misses you.
The kobold completely misses you.
You barely miss the hobgoblin.
You feel sick. The kobold hits you but does no damage. The hobgoblin hits you.
* * * LOW HITPOINT WARNING * * *
The worm bites you.
You die...

.:####... ........#
........# ........#
...g....##########
#......+....[...
#......##.....#######
#....gw##...........#
#....K@##...)..#<...#
+................>######
##.....)##..............
#......##........######
##+######.....####
#.....######
####.......# #######.#
#..<.#.#


You could see a worm, 2 hobgoblins and a kobold.

Vanquished Creatures
  An endoplasm (D:1)
  2 goblins
  A hobgoblin (D:1)
  3 bats (D:1)
  2 frilled lizards (D:1)
  A kobold (D:1)
  A rat (D:1)
11 creatures vanquished.

Notes
Turn   | Place    | Note
-------+----------+-------------------------------------------
     0 | D:1      | Destapler the Draconian Berserker began the quest for the
                  | Orb.
     0 | D:1      | Reached XP level 1. HP: 19/19 MP: 1/1
   623 | D:1      | Reached XP level 2. HP: 26/26 MP: 2/2
   680 | D:1      | Found a faded altar of an unknown god.
   962 | D:2      | HP: 1/27 [poisoned by a kobold]
   964 | D:2      | Slain by a worm

Illustrated notes

Levels and vault maps discovered:
D:1:      minmay_arrival_diagonal_passages, layout_loops_ring,
          chequers_ecumenical_altar_twisty
D:2:      layout_basic

Skill      XL: |  1 |
---------------+----+-----
Dodging        | 3 |  3.0
Fighting       | |  3.6
Long Blades    | |  3.0

Action                   || total
-------------------------++-------
Melee: Falchion          ||    23
       Tailslap          ||     3
  Use: Potion            ||     1
 Stab: Sleeping          ||     1
Armor: Skin              ||     9
Dodge: Dodged            ||    17
       Rpst.: Falchion   ||     8
